Map: Acid Plant LE

Players

liquidthermy (uThermal)

  • Race: Terran Terran
  • Spawn Location: 11:00

Harstem - Winner!

  • Race: Protoss Protoss
  • League: Master
  • Spawn Location: 5:00

Event: HomeStory Cup XVIII

VOD

Have the link to the VOD?

Description

Time

  • Played on: Nov. 22, 2018, 7:51 a.m.
  • Length: 7:05

All games in this series

Show
View Real Time Build Order
Export as new Build Order

liquidthermy Terran 

Build Orders: Reaper Expand 

Get SALT Encoding   

  12  0:01  SCV  
  13  0:13  SCV  
  14  0:17  Supply Depot  
  14  0:25  SCV  
  15  0:39  Barracks, SCV  
  16  0:44  Refinery  
  16  0:51  SCV  
  17  1:03  SCV  
  18  1:15  SCV  
  19  1:27  Reaper, Orbital Command  
  20  1:42  Command Center  
  20  1:49  Supply Depot  
  20  1:52  SCV  
  21  1:58  Marine  
  22  2:04  SCV  
  23  2:08  Factory  
  23  2:12  Refinery  
  23  2:16  SCV  
  23  2:20  Barracks Reactor  
  24  2:29  SCV  
  25  2:41  SCV  
  26  2:55  Orbital Command  
  26  2:56  Starport  
  26  2:57  Factory Tech Lab, Marine x2  
  27  2:58  SCV  
  28  3:10  SCV  
  29  3:15  Marine x2, Cyclone  
  34  3:21  SCV  
  34  3:23  SCV  
  36  3:32  Viking  
  36  3:33  Marine  
  36  3:34  Marine  
  40  3:35  SCV  
  41  3:42  SCV  
  41  3:47  Supply Depot, SCV  
  43  3:54  SCV  
  43  3:58  Hellion x2  
  43  4:01  Stimpack  
  46  4:04  Supply Depot  
  46  4:08  Marine, Medivac, SCV x2  
  51  4:17  Barracks  
  51  4:19  Hellion, Barracks  
  51  4:23  SCV  
  54  4:26  Marine, Hellion, SCV  
  54  4:30  Supply Depot  
  58  4:35  Engineering Bay  
  58  4:36  SCV  
  58  4:38  SCV  
  60  4:39  Starport Tech Lab  
  60  4:46  Marine  
  60  4:50  SCV  
  60  4:52  Supply Depot  
  62  4:57  SCV  
  62  4:59  Bunker, Factory Reactor  
  63  5:03  SCV  
  63  5:04  Marine  
  64  5:09  Starport Reactor, SCV  
  65  5:14  Refinery  
  65  5:15  Supply Depot, Marine x2, Marauder  
  65  5:16  SCV  
  70  5:21  SCV  
  70  5:26  Marine  
  70  5:28  SCV  
  72  5:32  Marine  
  72  5:33  SCV  
  69  5:36  Marauder  
  69  5:38  Marine  
  69  5:40  SCV  
  71  5:44  Marauder, Refinery  
  71  5:45  SCV  
  74  5:50  Marine  
  74  5:52  SCV  
  74  5:56  Medivac x2  
  72  5:57  Marauder  
  72  5:58  Missile Turret, SCV  
  72  6:02  Widow Mine  
  77  6:04  Marine, SCV  
  77  6:05  Marine  
  77  6:08  Missile Turret  
  80  6:12  Supply Depot  
  80  6:13  Widow Mine  
  80  6:14  SCV  
  83  6:20  Marine  
  83  6:21  Marauder  
  83  6:25  Supply Depot  
  86  6:33  Supply Depot, Marine x2, Medivac  
  86  6:38  Marine  
  86  6:39  Widow Mine  
  93  6:45  Marine  
  98  6:47  Supply Depot  
Show
View Real Time Build Order
Export as new Build Order

Harstem Protoss - Winner!

Build Orders: 1 Gate Expand, Oracle Opening 

Get SALT Encoding   

  12  0:01  Probe  
  13  0:13  Probe  
  14  0:18  Pylon  
  14  0:24  Probe  
  15  0:32  Probe  
  15  0:37  Gateway  
  15  0:41  Probe  
  16  0:47  Assimilator  
  17  0:51  Probe  
  18  1:03  Probe  
  19  1:15  Probe  
  20  1:25  Nexus  
  20  1:34  Cybernetics Core  
  20  1:37  Probe  
  21  1:44  Assimilator  
  21  1:49  Probe  
  21  1:53  Pylon  
  23  2:01  Probe  
  23  2:02  Adept  
  23  2:13  Probe  
  26  2:15  Stargate  
  26  2:25  Probe  
  26  2:26  Warp Gate  
  27  2:33  Adept  
  27  2:34  Probe x2  
  29  2:42  Probe  
  29  2:43  Probe  
  31  2:50  Oracle  
  33  2:51  Probe  
  33  2:52  Probe  
  35  3:04  Probe x2  
  40  3:14  Pylon  
  40  3:16  Probe  
  40  3:17  Gateway  
  40  3:18  Probe  
  42  3:28  Oracle, Probe  
  42  3:32  Probe  
  47  3:40  Probe  
  46  3:42  Gateway  
  46  3:46  Probe  
  47  3:52  Probe  
  48  3:58  Nexus, Probe  
  48  4:01  Pylon  
  49  4:03  Pylon  
  49  4:04  Probe  
  50  4:11  Probe  
  50  4:13  Twilight Council  
  50  4:16  Forge  
  51  4:19  Probe, Assimilator  
  51  4:21  Phoenix  
  51  4:23  Probe, Assimilator  
  55  4:31  Probe  
  55  4:35  Sentry, Probe  
  55  4:36  Adept  
  61  4:39  Protoss Ground Weapons Level 1  
  61  4:43  Probe  
  62  4:46  Resonating Glaives  
  62  4:48  Probe  
  63  4:53  Gateway  
  63  4:54  Gateway  
  63  4:57  Probe  
  64  5:00  Probe  
  65  5:09  Probe  
  65  5:10  Probe  
  65  5:12  Probe  
  68  5:20  Robotics Facility  
  68  5:21  Probe  
  69  5:22  Probe  
  69  5:24  Probe  
  71  5:33  Stalker x3, Probe  
  71  5:34  Probe  
  79  5:36  Probe  
  71  5:45  Probe  
  71  5:46  Probe  
  71  5:48  Probe  
  72  5:53  Probe  
  72  5:55  Immortal  
  71  5:59  Gateway  
  71  6:00  Probe  
  71  6:01  Adept x3, Probe  
  80  6:04  Pylon  
  84  6:16  Robotics Bay  
  84  6:18  Pylon  
  81  6:20  Oracle  
  81  6:22  Adept  
  84  6:27  Adept x3  
  84  6:28  Sentry  
  92  6:33  Pylon  
  92  6:34  Shield Battery  
  92  6:42  Probe  
  92  6:43  Shield Battery  
  92  6:44  Adept  
  95  6:47  Pylon  
  95  6:48  Adept  
  95  6:49  Pylon, Adept  
  95  6:56  Adept x3  
Tags
 
Add a new tag
Caveats
  • Supply blocks, unpowered buildings, or Contaminate may cause inaccurate times.
  • Supply counts are checked every 10 seconds.